 Dungeon Crawl Stone Soup version 0.22-a0-603-gfc1114d (webtiles) character file.

2000128 kuniqs the Talismancer (level 27, 298/298 HPs)
             Began as a Deep Dwarf Fighter on July 7, 2018.
             Was the Champion of Makhleb.
             Escaped with the Orb
             ... and 3 runes!
             The game lasted 02:05:19 (55354 turns).

kuniqs the Talismancer (Deep Dwarf Fighter)        Turns: 55354, Time: 02:05:20

Health: 298/298    AC: 50    Str: 25    XL:     27
Magic:  3/8        EV: 15    Int: 14    God:    Makhleb [******]
Gold:   2071       SH: 25    Dex: 16    Spells: 26/26 levels left

rFire    + + +     SeeInvis .   a - +18 lance "Wyrmbane" {slay drac, rPois rF+ rC+ AC+3}
rCold    + + +     Gourm    .   c - +0 large shield
rNeg     + . .     Faith    .   R - +7 gold dragon scales
rPois    +         Spirit   .   Z - +2 helmet
rElec    +         Reflect  +   S - +2 cloak {MR+}
rCorr    .         Harm     .   L - +3 pair of gauntlets of War {Slay+5}
MR       +++++                  C - +1 pair of boots
Stlth    ..........             H - +2 amulet of reflection
HPRegen  0.00/turn              d - ring "Cafid" {+Fly rElec rC+ Str-5 Dex+4}
MPRegen  0.11/turn              g - +4 ring of slaying

@: non-regenerating
A: damage resistance, heal wounds, clever 1, fire resistance 1, low mp 2,
negative energy resistance 1, sense surroundings 3, poison resistance, no potion
heal 1, MP-powered wands, no regeneration
0: Orb of Zot
}: 3/15 runes: decaying, silver, gossamer
a: Heal Wounds, Minor Destruction, Lesser Servant of Makhleb, Major Destruction,
Greater Servant of Makhleb, Renounce Religion, Evoke Flight


You escaped.
You worshipped Makhleb.
Makhleb was exalted by your worship.
You were very full.

You visited 11 branches of the dungeon, and saw 53 of its levels.
You visited the Abyss 1 time.
You also visited: Sewer, Ice Cave, Volcano and Wizlab.

You collected 8832 gold pieces.
You spent 6761 gold pieces at shops.

Inventory:

Hand Weapons
 a - the +18 lance "Wyrmbane" (weapon) {slay drac, rPois rF+ rC+ AC+3}
   (You bought it in a shop on level 3 of the Vaults)

   It affects your AC (+3).
   It protects you from fire.
   It protects you from cold.
   It protects you from poison.
 b - a +9 broad axe of chopping
Armour
 c - a +0 large shield (worn)
 C - a +1 pair of boots (worn)
 L - the +3 pair of gauntlets of War (worn) {Slay+5}
   (You found it on level 3 of the Elven Halls)

   It affects your accuracy and damage with ranged weapons and melee attacks
   (+5).
 R - +7 gold dragon scales (worn)
 S - a +2 cloak of magic resistance (worn)
 Z - a +2 helmet (worn)
Jewellery
 d - the ring "Cafid" (left hand) {+Fly rElec rC+ Str-5 Dex+4}
   (You bought it in a shop on level 1 of the Elven Halls)

   [ring of flight]

   It affects your strength (-5).
   It affects your dexterity (+4).
   It protects you from cold.
   It insulates you from electricity.
   It lets you fly.
 g - a +4 ring of slaying (right hand)
 H - a +2 amulet of reflection (around neck)
 N - a +2 ring of evasion {unknown}
Wands
 h - a wand of enslavement (50)
 t - a wand of digging (26)
 z - a wand of disintegration (49)
 A - a wand of iceblast (20)
 D - a wand of flame (71)
 F - a wand of paralysis (52)
 K - a wand of polymorph (64)
 O - a wand of scattershot (10)
 W - a wand of acid (35)
 X - a wand of random effects (27)
Scrolls
 e - 6 scrolls of fear
 i - 5 scrolls of summoning
 k - 18 scrolls of remove curse {@r2}
 n - 3 scrolls of magic mapping
 q - 12 scrolls of immolation
 s - 18 scrolls of teleportation
 x - 7 scrolls of blinking
 y - 12 scrolls of fog
 I - 12 scrolls of identify {@r1}
 J - 3 scrolls of holy word
 T - 7 scrolls of vulnerability
 V - 2 scrolls of silence
Potions
 l - 21 potions of heal wounds
 o - 5 potions of ambrosia
 r - 4 potions of lignification
 u - 15 potions of curing {@q1}
 w - 4 potions of haste
 B - 6 potions of might
 E - 3 potions of mutation
 G - 4 potions of invisibility
 P - 2 potions of resistance
 Q - 2 potions of cancellation
 U - 5 potions of agility
Miscellaneous
 j - a lamp of fire
 m - a phial of floods
 v - 4 boxes of beasts
 M - a lightning rod (4/4)
Comestibles
 f - 85 rations


   Skills:
 O Level 27 Fighting
 - Level 18.0(18.5) Axes
 - Level 7.0(12.3) Polearms
 - Level 22.0 Armour
 + Level 18.1 Dodging
 - Level 20.0 Shields
 - Level 8.0 Invocations
 O Level 27 Evocations


You had 26 spell levels left.
You didn't know any spells.
Your spell library was empty.

Dungeon Overview and Level Annotations

Branches:
Dungeon (15/15)            Temple (1/1) D:4            Lair (6/6) D:11
  Swamp (4/4) Lair:2       Spider (4/4) Lair:3        Slime (0/5) Lair:5
    Orc (2/2) D:9             Elf (3/3) Orc:2        Vaults (5/5) D:14
  Crypt (3/3) Vaults:2       Tomb (0/3) Crypt:3      Depths (5/5) D:15
    Zot (5/5) Depths:5

Altars:
Ashenzari
Cheibriados
Dithmenos
Elyvilon
Fedhas
Gozag
Hepliaklqana
Makhleb
Nemelex Xobeh
Okawaru
Ru
Sif Muna
Trog
Uskayaw
Vehumet
Wu Jian
Xom
Yredelemnul
Zin
The Shining One
Beogh

Shops:
D:5 =   D:6 *   D:7 (   D:15 !   Orc:2 ==?!   Elf:1 (=(   Vaults:1 (
Vaults:3 (=}%*   Depths:1 ==}   Depths:4 [

Portals:
Hell: Lair:6 Depths:1 Depths:2 Depths:3 Depths:4 Depths:5
Abyss: Depths:4 Depths:5
Pandemonium: Depths:3
Ziggurat: Depths:3
Trove: Depths:4 (give +2 shadow dragon scales)

Annotations:
D:2 Sigmund
D:8 3 runed doors, Nib's ghost, novice VSFi
D:15 1 runed door, Cosy's ghost, adept GrEE
Lair:1 3 runed doors, sking99's ghost, journeyman DDFi
Lair:3 3 runed doors, Hebeh's ghost, journeyman MiFi
Swamp:3 exclusion: Roxanne, Roxanne
Elf:2 3 runed doors
Vaults:4 3 runed doors, Duiged's ghost, adept HOMo; Paulus's ghost, veteran FoFi; Tetyhuy's ghost, veteran HuFi


Innate Abilities, Weirdness & Mutations

You are resistant to damage.
You can heal yourself by infusing magical energy.
You resist negative energy. (rN+)
You passively map a large area around you.
You do not regenerate.
Your mind is acute. (Int +2)
Your flesh is heat resistant. (rF+)
Your magical capacity is very low. (-20% MP)
Your system is resistant to poisons. (rPois)
Potions are less effective at restoring your health.
You expend magic power (3 MP) to strengthen your wands.


Message History

Thar be an op'n door 'ere.
A reaper comes inta view.
It be wieldin' a scytha o' flamin'.
Tha reaper hits ye wit' a scytha o' flamin'.
Ye hit tha reaper.
Ye puncture tha reaper!
Ye puncture tha reaper!
Tha reaper hits ye but does nay damage.
Ye puncture tha reaper!
Ye hit tha reaper but do nay damage.
Tha reaper hits ye wit' a scytha o' flamin'!
Ye puncture tha reaper!
Ye impale tha reaper!!
Ye hit tha reaper but do nay damage.
Tha reaper hits ye wit' a scytha o' flamin'!
Ye hit tha reaper.
Ye kill tha reaper!
Makhleb accepts yer kill.
Ye feel better.
Nay target in view!
Thar be a staircase leadin' outta tha dungeon 'ere.
Ye haf 'scaped!

.....#.#####.########.####.......
#.##.#.#.................#....###
#.##.#.#.#######'#######.#....#
#.##.#.#.#.............#.#.####
#.##.#.#.#.###########.#.#.######
#..#.#.#.#.#.........#.#.#.......
#......#.#.#.#######.#.#.#.......
.......#.#.#.#.....#.#.#.#.......
#..#.#...#...#..@).#...#.........
#..#.#.#.#.#.#.....#.#.#.#.......
#..#.#.#.#.#.###.###.#.#.#.......
#..#.#.#.#.#.........#.#.#.......
#..#.#.#.#.###########.#.#....###
#..#.#.#.#.............#.#.......
#..#.#.#.#######'#######.#....###
.).#...#.................#.......
###########.########.######...###


There were no monsters in sight!

Vanquished Creatures
  A pandemonium lord (D:1)
  10 orbs of fire
  6 ancient liches
  Mara (Swamp:3)
  3 juggernauts
  3 greater mummies (Crypt:2)
  Bai Suzhen (Crypt:1)
  Saint Roka (Orc:2)
  Xtahua (Vaults:4)
  3 Killer Klowns (Zot:5)
  A shard shrike (Zot:4)
  Margery (Depths:1)
  7 caustic shrikes
  4 curse toes
  The ghost of Ripsaw the Slayer, a veteran GrMo of Trog (Depths:4)
  10 golden dragons
  A Hellbinder (WizLab)
  A profane servitor (Crypt:3)
  A bone dragon (Crypt:3)
  2 electric golems
  A hellephant (Abyss:3)
  11 liches
  20 tentacled monstrosities
  23 Orb Guardians
  The ghost of Yga Pusyxe the Tortoise, an adept GrFi of Makhleb (Crypt:2)
  5 titans
  A deep elf master archer (Elf:3)
  6 quicksilver dragons
  3 deep elf blademasters (Elf:3)
  A tentacled starspawn (Abyss:3)
  10 death cobs
  12 sphinxes
  19 shadow dragons
  5 ancient champions
  14 tengu reavers
  A thorn hunter (Swamp:2)
  15 storm dragons
  Donald (Spider:3)
  Agnes (Spider:3)
  Kirke (D:12)
  2 revenants
  22 fire giants
  2 draconian monks (Zot:3)
  2 draconian knights
  14 frost giants
  13 vault wardens
  8 iron dragons
  14 deep elf sorcerers
  7 ghost moths
  2 cacodemons
  8 draconian scorchers
  An orc warlord (Vaults:4)
  3 draconian shifters
  2 curse skulls
  Aizul (Swamp:4)
  9 ghouls
  2 balrugs (WizLab)
  9 draconian stormcallers
  3 emperor scorpions
  6 deep elf elementalists
  23 ironheart preservers
  2 reapers
  21 very ugly things
  20 stone giants
  4 war gargoyles (Vaults:5)
  3 spriggan defenders
  3 entropy weavers
  4 purple draconians
  4 green draconians
  3 yellow draconians
  16 vampire knights
  9 black draconians
  4 white draconians
  Azrael (D:13)
  11 deep elf annihilators
  8 deep elf demonologists
  7 spark wasps
  2 lorocyprocas
  5 red draconians
  2 eidola
  9 ettins
  Snorg (Lair:3)
  2 blizzard demons (WizLab)
  A spectral golden dragon (Depths:4)
  3 deep elf death magi
  2 mummy priests (Crypt:2)
  11 fire dragons
  A green death (WizLab)
  17 jiangshi
  29 vault guards
  13 deep elf high priests
  19 yaktaur captains
  13 great orbs of eyes
  24 hydras
  2 hell beasts (WizLab)
  A spectral shadow dragon (Depths:4)
  18 ice dragons
  A caustic shrike simulacrum (Depths:4)
  2 spriggan air magi (Depths:5)
  4 rakshasas
  9 death knights
  29 ogre magi
  6 tengu warriors
  6 centaur warriors
  49 two-headed ogres
  14 alligators
  12 dancing weapons
  11 deep troll earth magi
  A spectral spriggan (Depths:4)
  11 deep troll shamans
  10 vampire magi
  5 orc high priests
  A spectral elf (Depths:4)
  8 hell knights
  2 soul eaters
  A sun demon (WizLab)
  5 death yaks (Lair:6)
  A shock serpent (shapeshifter) (Depths:5)
  15 deep elf knights
  7 spriggan berserkers
  2 wretched stars (Abyss:3)
  3 iron trolls
  2 sixfirhies
  A salamander mystic (Volcano)
  6 shadow wraiths
  A fire crab (shapeshifter) (Abyss:3)
  24 skeletal warriors
  10 swamp dragons
  14 flayed ghosts
  8 unseen horrors
  A spriggan druid (Swamp:3)
  21 deep trolls
  A spectral iron dragon (Depths:4)
  A glowing orange brain (Depths:4)
  2 starcursed masses (Abyss:3)
  A swamp dragon (shapeshifter) (Depths:5)
  5 shadow demons
  Pikel (D:9)
  3 shambling mangroves
  8 phantasmal warriors
  20 orc knights
  A wolf spider zombie (D:15)
  4 necromancers
  A shadow dragon skeleton (Crypt:1)
  11 ironbrand convokers
  11 deep elf archers
  An iron dragon zombie (Crypt:3)
  A spectral wolf spider (Crypt:3)
  11 wizards
  7 orb spiders
  58 deep elf magi
  3 cyclopes
  A sphinx zombie (Crypt:2)
  8 orc sorcerers
  33 wolf spiders
  5 salamanders (Volcano)
  A manticore (D:12)
  26 ugly things
  19 moths of wrath
  A worldbinder (Abyss:3)
  A salamander (shapeshifter) (Vaults:3)
  9 vault sentinels
  2 centaur zombies
  A moth of wrath (shapeshifter) (Depths:4)
  12 elephants
  A guardian serpent (shapeshifter) (Depths:2)
  3 rust devils
  An ice statue (IceCv)
  5 large abominations (Abyss:3)
  A torpor snail (Lair:6)
  10 black mambas
  A smoke demon (Abyss:3)
  18 spiny frogs
  2 naga magi (D:15)
  7 orange demons
  A titan simulacrum (Depths:4)
  A komodo dragon (shapeshifter) (Vaults:3)
  2 centaur skeletons
  13 demonic crawlers
  An efreet (D:5)
  23 yaktaurs
  2 kobold demonologists
  A hellion (D:2)
  A death yak zombie (Crypt:2)
  3 rime drakes (Lair:6)
  4 komodo dragons
  11 freezing wraiths
  A rime drake (shapeshifter) (Depths:5)
  5 hellwings
  8 ice devils
  6 red devils
  A sea snake skeleton (Crypt:2)
  A swamp worm zombie (Crypt:2)
  8 trolls
  A polar bear (shapeshifter) (Depths:3)
  An ancient zyme (Abyss:3)
  A golden dragon simulacrum (Crypt:3)
  A meliai (shapeshifter) (Spider:1)
  3 tengu conjurers
  A meliai (Spider:4)
  2 polar bears
  A shadow dragon simulacrum (Depths:4)
  A wandering mushroom (Swamp:2)
  37 slime creatures
  A queen bee (shapeshifter) (Depths:5)
  28 jumping spiders
  9 tyrant leeches
  20 hornets
  2 ettin zombies (Crypt:1)
  A hornet (shapeshifter) (D:14)
  An ice dragon zombie (Crypt:2)
  15 blink frogs
  10 bog bodies
  4 dream sheep (Lair:6)
  A sphinx simulacrum (Depths:4)
  11 hippogriffs
  A raiju (shapeshifter) (D:15)
  An alligator zombie (Crypt:1)
  3 air elementals
  An ice dragon skeleton (Crypt:1)
  6 water elementals
  A satyr skeleton (Crypt:2)
  4 shadows
  A dire elephant simulacrum (Abyss:3)
  57 flying skulls
  A ynoxinul (WizLab)
  2 redbacks (shapeshifter)
  12 wraiths
  68 yaks
  4 vampires
  65 redbacks
  9 spriggans
  31 tarantellas
  Eustachio (D:4)
  4 wyverns
  6 fire bats (Volcano)
  2 basilisks (Lair:6)
  6 fire elementals
  7 hungry ghosts
  A neqoxec (WizLab)
  9 vampire mosquitoes
  A human simulacrum (Vaults:2)
  3 chaos spawn
  7 wargs
  A faun zombie (Crypt:1)
  10 swamp worms
  A soldier ant (D:8)
  2 hydra simulacra (Zot:4)
  2 acid dragons (shapeshifter)
  7 hell hounds
  13 water moccasins
  An acid dragon (Vaults:1)
  11 porcupines
  A floating eye (Depths:2)
  65 orc warriors
  13 swamp drakes
  2 sky beasts
  A snapping turtle zombie (Crypt:2)
  A black bear (Lair:2)
  4 ice beasts
  2 elf simulacra (Depths:4)
  58 ogres
  4 phantoms
  6 boggarts
  2 eyes of draining
  8 necrophages
  A snapping turtle skeleton (Crypt:1)
  10 centaurs
  11 wolves
  An elephant skeleton (Crypt:1)
  16 crocodiles
  7 big kobolds
  A fire crab zombie (Crypt:1)
  14 bullfrogs
  A gnoll sergeant (D:9)
  3 earth elementals (Elf:3)
  A glowing shapeshifter simulacrum (Depths:4)
  6 small abominations
  A troll zombie (Crypt:1)
  A scorpion (D:10)
  A killer bee (D:12)
  A raiju zombie (Crypt:2)
  11 wights
  4 howler monkeys
  3 electric eels
  5 lava snakes (Volcano)
  9 crimson imps
  10 jellies
  A quasit (D:12)
  2 bullfrog zombies (D:7)
  10 hounds
  Crazy Yiuf (D:5)
  36 orc priests
  26 orc wizards
  An iguana (D:7)
  2 bullfrog skeletons
  12 worker ants
  Ijyb (D:4)
  Natasha (thrice) (D:3)
  A dwarf skeleton (Crypt:1)
  2 hound skeletons
  A worker ant zombie (D:8)
  13 gnolls
  A howler monkey skeleton (Crypt:2)
  An ogre simulacrum (Crypt:3)
  6 adders
  2 river rats (Sewer)
  2 shadow imps
  3 white imps
  12 ufetubi
  2 adder zombies (D:9)
  9 oozes
  An adder skeleton (D:5)
  2 worms
  A dart slug (D:1)
  12 leopard geckos
  160 orcs
  2 ball pythons (Sewer)
  7 giant cockroaches
  11 hobgoblins
  8 jackals
  A ball python (shapeshifter) (Elf:2)
  5 bats
  A dart slug zombie (Crypt:1)
  10 frilled lizards
  9 goblins
  A goblin skeleton (D:4)
  2 goblin zombies (D:4)
  A hobgoblin zombie (D:4)
  2 jackal skeletons
  29 kobolds
  4 kobold skeletons
  2 kobold zombies (D:4)
  A leopard gecko skeleton (D:6)
  A leopard gecko zombie (Crypt:2)
  4 orc skeletons (D:4)
  2 orc zombies (D:4)
  19 rats
  2 crawling corpses (Depths:3)
  3 fungi
  2 plants
  3 starspawn tentacles (Abyss:3)
2630 creatures vanquished.

Vanquished Creatures (collateral kills)
  Rupert (Lair:5)
  An emperor scorpion (Spider:4)
  A balrug (WizLab)
  A cacodemon (WizLab)
  A ghost moth (Spider:4)
  A black sun (WizLab)
  A spark wasp (Spider:4)
  2 hydras
  A catoblepas (Lair:4)
  A soul eater (WizLab)
  A wolf spider (Spider:3)
  3 oklob plants (Lair:5)
  A moth of wrath (Spider:4)
  3 ice devils (IceCv)
  8 hornets
  A polar bear (Lair:4)
  A slime creature (Vaults:1)
  2 dream sheep (D:10)
  A vampire (D:11)
  2 yaks (D:10)
  3 hogs (D:12)
  A wandering mushroom (Lair:5)
  A vampire mosquito (Swamp:3)
  A swamp drake (Swamp:3)
  A crocodile (Lair:4)
  3 big kobolds (D:10)
  An orc priest (Orc:2)
  An ufetubus (IceCv)
  2 orcs (Orc:2)
  A butterfly (Lair:4)
  A plant (Lair:5)
50 creatures vanquished.

Vanquished Creatures (others)
  A deep elf master archer (Elf:3)
  An emperor scorpion (Spider:4)
  A spriggan defender (Depths:5)
  A vampire knight (Depths:5)
  4 stone giants
  An ettin (Vaults:5)
  A vault guard (Vaults:3)
  A rakshasa (Vaults:3)
  A centaur warrior (Depths:1)
  2 deep elf knights
  A spriggan druid (Swamp:4)
  4 deep elf archers
  2 deep elf magi
  A cyclops (Vaults:2)
  8 yaktaurs
  A hornet (Swamp:4)
  2 blink frogs (Lair:5)
  2 slime creatures (Vaults:1)
  A yak (D:12)
  A chaos spawn (WizLab)
  3 slaves (D:9)
  A swamp drake (Swamp:4)
  An ogre (Vaults:5)
  A centaur (D:9)
  An orc priest (Orc:2)
  3 orc wizards (D:9)
  3 white imps (IceCv)
  5 ufetubi (IceCv)
  5 orcs
  A butterfly (Lair:5)
  2 fungi (Lair:6)
  16 plants
  A starspawn tentacle (Abyss:3)
  9 toadstools (D:6)
  3 withered plants
92 creatures vanquished.

Grand Total: 2772 creatures vanquished

Notes
Turn   | Place    | Note
-------+----------+-------------------------------------------
     0 | D:1      | kuniqs the Deep Dwarf Fighter began the quest for the Orb.
     0 | D:1      | Reached XP level 1. HP: 20/20 MP: 1/1
   312 | D:1      | Reached XP level 2. HP: 27/27 MP: 2/2
   626 | D:1      | Reached skill level 1 in Dodging
   897 | D:2      | Reached XP level 3. HP: 27/34 MP: 3/3
   938 | D:2      | Noticed Sigmund
  1007 | D:3      | Reached XP level 4. HP: 28/42 MP: 4/4
  1323 | D:3      | Noticed Natasha
  1340 | D:3      | Killed Natasha
  1340 | D:3      | Reached XP level 5. HP: 47/49 MP: 5/5
  1393 | D:3      | Noticed Natasha
  1398 | D:3      | Killed Natasha
  1755 | D:4      | Found a staircase to the Ecumenical Temple.
  1760 | Temple   | Entered the Ecumenical Temple
  1824 | Temple   | Became a worshipper of Makhleb the Destroyer
  2024 | D:3      | Found a sacrificial altar of Ru.
  2024 | D:3      | Found a glowing golden altar of the Shining One.
  2024 | D:3      | Noticed Natasha
  2027 | D:3      | Killed Natasha
  2136 | D:4      | Found a glowing golden altar of the Shining One.
  2140 | D:4      | Reached XP level 6. HP: 47/57 MP: 6/6
  2199 | D:4      | Reached skill level 1 in Invocations
  2783 | D:5      | Entered Level 5 of the Dungeon
  2799 | D:5      | Noticed Eustachio
  2800 | D:5      | Noticed Ijyb
  2820 | D:4      | Killed Ijyb
  2831 | D:4      | Killed Eustachio
  2831 | D:4      | Reached skill level 1 in Evocations
  2839 | D:4      | Reached * piety under Makhleb
  2863 | D:5      | Reached XP level 7. HP: 52/64 MP: 8/8
  2871 | D:5      | Found a bloodstained altar of Trog.
  3043 | D:5      | Found a glowing drain.
  3063 | Sewer    | Entered a sewer
  3283 | Sewer    | Reached ** piety under Makhleb
  3363 | D:5      | Reached skill level 5 in Armour
  3379 | D:5      | Found Lagikkusm's Jewellery Shop.
  3460 | D:5      | Reached skill level 5 in Shields
  3587 | D:5      | Found a runed door.
  3593 | D:5      | Noticed Crazy Yiuf
  3597 | D:5      | Killed Crazy Yiuf
  3735 | D:4      | Reached XP level 8. HP: 55/73 MP: 10/10
  4338 | D:2      | Found an iron altar of Okawaru.
  5167 | D:6      | Found Guby's General Store.
  5201 | D:6      | Bought a scroll of noise for 15 gold pieces
  5201 | D:6      | Bought a wand of flame (17) for 142 gold pieces
  5238 | D:6      | Reached *** piety under Makhleb
  5250 | D:6      | Reached skill level 5 in Axes
  5286 | D:6      | Noticed a slime creature
  5339 | D:6      | Killed a slime creature
  5339 | D:6      | Reached skill level 5 in Fighting
  5605 | D:7      | Gained mutation: You passively map the area around you. [Deep Dwarf growth]
  5605 | D:7      | Reached XP level 9. HP: 81/81 MP: 12/12
  5684 | D:7      | Found a sparkling altar of Nemelex Xobeh.
  5811 | D:7      | Reached skill level 5 in Dodging
  5811 | D:7      | Reached skill level 5 in Invocations
  5811 | D:7      | Reached skill level 5 in Evocations
  5832 | D:7      | Found a shadowy altar of Dithmenos.
  5896 | D:7      | Found a basalt altar of Yredelemnul.
  6023 | D:7      | Found Geabarentu's Antique Weapon Shop.
  6155 | D:7      | Found an ornate altar of the Wu Jian Council.
  6218 | D:7      | Paralysed by a hornet for 1 turns
  6228 | D:7      | Paralysed by a hornet for 3 turns
  6256 | D:8      | Noticed Nib's ghost (novice VSFi)
  6282 | D:8      | Reached **** piety under Makhleb
  6357 | D:8      | Found a runed gate.
  6357 | D:8      | Found a runed gate.
  6358 | D:8      | Found a runed gate.
  6425 | D:8      | Reached XP level 10. HP: 76/91 MP: 12/12
  6909 | D:9      | Noticed Pikel
  6928 | D:9      | Killed Pikel
  7231 | D:9      | Got a slimy long sword {slice}
  7232 | D:9      | Identified the +9 long sword "Pollump" {slice, rPois rF+++ rC- Str-5} (You took it off an orc on level 9 of the Dungeon)
  7254 | D:9      | Found a staircase to the Orcish Mines.
  7393 | D:9      | Reached ***** piety under Makhleb
  7539 | D:9      | Found a shimmering altar of Xom.
  7766 | D:10     | Entered Level 10 of the Dungeon
  8085 | D:10     | Reached XP level 11. HP: 99/99 MP: 14/14
  8391 | D:10     | Noticed a two-headed hydra
  8404 | D:10     | Killed a two-headed hydra
  8537 | D:11     | Found a shimmering altar of Xom.
  8543 | D:11     | Found a frozen archway.
  8553 | IceCv    | Entered an ice cave
  8774 | IceCv    | Noticed a reaper
  8796 | IceCv    | Killed a reaper
  9048 | D:11     | Noticed a brown ugly thing
  9070 | D:11     | Killed a brown ugly thing
  9363 | D:11     | Found a staircase to the Lair.
 10021 | Lair:1   | Entered Level 1 of the Lair of Beasts
 10063 | Lair:1   | Found a dark tunnel.
 10071 | Volcano  | Entered a volcano
 10243 | Volcano  | Noticed a hell knight
 10256 | Volcano  | Killed a hell knight
 10256 | Volcano  | Reached XP level 12. HP: 59/110 MP: 9/9
 10308 | Volcano  | Found a radiant altar of Vehumet.
 10391 | Volcano  | Found a radiant altar of Vehumet.
 10712 | Lair:1   | Reached skill level 10 in Evocations
 10976 | Lair:1   | Found a runed gate.
 10977 | Lair:1   | Found a runed gate.
 10978 | Lair:1   | Found a runed gate.
 10978 | Lair:1   | Noticed sking99's ghost (journeyman DDFi)
 11328 | Lair:2   | Got an iridescent short sword
 11335 | Lair:2   | Identified the +4 short sword of Iconoclasm {elec, MR+} (You found it on level 2 of the Lair of Beasts)
 11621 | Lair:2   | Found a staircase to the Swamp.
 11811 | Lair:3   | Found a hole to the Spider Nest.
 11964 | Lair:3   | Reached skill level 10 in Armour
 11964 | Lair:3   | Reached skill level 10 in Shields
 12008 | Lair:3   | Identified a scroll of acquirement
 12115 | Lair:3   | Found a runed gate.
 12115 | Lair:3   | Noticed a nine-headed hydra
 12115 | Lair:3   | Noticed a nine-headed hydra
 12115 | Lair:3   | Noticed Hebeh's ghost (journeyman MiFi)
 12119 | Lair:3   | Found a runed gate.
 12132 | Lair:3   | Found a runed gate.
 12241 | Lair:3   | Noticed Snorg
 12264 | Lair:3   | Noticed a four-headed hydra
 12275 | Lair:3   | Killed a one-headed hydra
 12289 | Lair:3   | Reached XP level 13. HP: 118/118 MP: 11/11
 12507 | Lair:3   | Killed Snorg
 12507 | Lair:3   | Reached skill level 10 in Axes
 13434 | Lair:4   | Reached skill level 10 in Dodging
 13750 | Lair:5   | Found a staircase to the Slime Pits.
 13952 | Lair:5   | Got a sparkling silver ring
 13953 | Lair:5   | Identified the ring of Pelaukab {*Slow Str+6 Stlth+} (You found it on level 5 of the Lair of Beasts)
 14352 | Lair:5   | Noticed Rupert
 14363 | Lair:5   | Killed Rupert
 14533 | Lair:6   | Entered Level 6 of the Lair of Beasts
 14718 | Lair:6   | Gained mutation: You resist negative energy. (rN+) [Deep Dwarf growth]
 14718 | Lair:6   | Reached XP level 14. HP: 130/130 MP: 13/13
 14804 | Lair:6   | Reached ****** piety under Makhleb
 15061 | Lair:6   | Reached skill level 10 in Fighting
 15593 | Lair:6   | Found a burning altar of Makhleb.
 15598 | Lair:6   | Found a gateway to Hell.
 15978 | D:5      | Bought a +4 ring of slaying for 1092 gold pieces
 16101 | D:12     | Noticed Kirke
 16121 | D:12     | Killed Kirke
 16354 | D:12     | Noticed Nessos
 16357 | D:12     | Noticed Nessos
 16357 | D:12     | Nessos changed into Nessos the elephant
 16365 | D:12     | Killed Nessos the elephant
 16721 | D:12     | Noticed Sonja
 16723 | D:12     | Noticed Sonja
 16723 | D:12     | Sonja changed into Sonja the orb spider
 16734 | D:12     | Killed Sonja the orb spider
 17177 | D:13     | Noticed Azrael
 17203 | D:13     | Killed Azrael
 17893 | D:14     | Found a gate to the Vaults.
 17900 | D:14     | Reached XP level 15. HP: 103/140 MP: 15/15
 17987 | D:14     | Found an opulent altar of Gozag.
 18386 | D:15     | Entered Level 15 of the Dungeon
 18657 | D:15     | Found a runed door.
 18657 | D:15     | Noticed Cosy's ghost (adept GrEE)
 18881 | D:15     | Found Unnounge's Distillery.
 18890 | D:15     | Bought a potion of mutation for 96 gold pieces
 18890 | D:15     | Bought 2 potions of might for 96 gold pieces
 18890 | D:15     | Bought a potion of agility for 48 gold pieces
 18890 | D:15     | Bought a potion of brilliance for 48 gold pieces
 19103 | D:15     | Found a staircase to the Depths.
 19391 | D:5      | Bought an uncursed ring of poison resistance for 280 gold pieces
 19514 | Orc:1    | Entered Level 1 of the Orcish Mines
 19944 | Orc:2    | Entered Level 2 of the Orcish Mines
 20409 | Orc:2    | Found a staircase to the Elven Halls.
 20565 | Orc:2    | Noticed Saint Roka
 20601 | Orc:2    | Killed Saint Roka
 20646 | Orc:2    | Found a roughly hewn altar of Beogh.
 20664 | Orc:2    | Found Vosisk's Jewellery Shoppe.
 20785 | Orc:2    | Found Opoibli's Jewellery Boutique.
 21369 | Orc:2    | Found a roughly hewn altar of Beogh.
 21503 | Orc:2    | Found Ciuk's Distillery.
 21521 | Orc:2    | Bought a potion of mutation for 112 gold pieces
 21521 | Orc:2    | Bought a potion of lignification for 42 gold pieces
 21527 | Orc:2    | Found Ymiuci Epne's Magic Scroll Shoppe.
 21559 | Orc:2    | Bought a scroll of enchant armour for 97 gold pieces
 21851 | Swamp:1  | Entered Level 1 of the Swamp
 22196 | Swamp:1  | Reached XP level 16. HP: 128/151 MP: 15/15
 22261 | Swamp:1  | Reached skill level 15 in Evocations
 23000 | Swamp:2  | Noticed a thorn hunter
 23010 | Swamp:2  | Killed a thorn hunter
 23048 | Swamp:3  | Noticed Mara
 23049 | Swamp:3  | Noticed Roxanne
 23065 | Swamp:3  | Noticed kuniqs's illusion
 23101 | Swamp:3  | Killed Mara
 23419 | Swamp:3  | Identified the cursed +0 helmet of the Barnacle {rC- Str+6 Dex+7} (You found it on level 3 of the Swamp)
 23512 | Swamp:3  | Reached XP level 17. HP: 159/159 MP: 16/16
 23887 | Swamp:4  | Entered Level 4 of the Swamp
 24337 | Swamp:4  | Noticed Aizul
 24362 | Swamp:4  | Killed Aizul
 24596 | Swamp:4  | Got a decaying rune of Zot
 24895 | Spider:1 | Entered Level 1 of the Spider Nest
 24988 | Spider:1 | Gained mutation: You passively map a large area around you. [Deep Dwarf growth]
 24988 | Spider:1 | Reached XP level 18. HP: 170/170 MP: 17/17
 25195 | Spider:1 | Reached skill level 15 in Armour
 25494 | Spider:1 | Reached skill level 15 in Shields
 26052 | Spider:2 | Reached skill level 15 in Axes
 26260 | Spider:3 | Noticed Donald
 26284 | Spider:3 | Killed Donald
 26575 | Spider:3 | Noticed Agnes
 26589 | Spider:3 | Killed Agnes
 26682 | Spider:3 | Noticed Arachne
 26684 | Spider:3 | Noticed Arachne
 26684 | Spider:3 | Arachne changed into Arachne the iron troll
 26694 | Spider:3 | Killed Arachne the iron troll
 26937 | Spider:4 | Entered Level 4 of the Spider Nest
 27304 | Spider:4 | Got a gossamer rune of Zot
 27871 | Vaults:1 | Entered Level 1 of the Vaults
 27992 | Vaults:1 | Found Tihic's Antique Weapon Boutique.
 28191 | Vaults:1 | Reached XP level 19. HP: 149/180 MP: 15/15
 29192 | Vaults:2 | Found a staircase to the Crypt.
 30294 | Vaults:3 | Cast into level 3 of the Abyss (vault guard)
 30331 | Abyss:3  | Noticed a hellephant
 30377 | Abyss:3  | Killed a hellephant
 30473 | Abyss:3  | Reached XP level 20. HP: 134/134 MP: 5/5
 30570 | Abyss:3  | Noticed a bone dragon
 30573 | Vaults:3 | Escaped the Abyss
 30860 | Vaults:3 | Found Fagacs's Jewellery Shop.
 30868 | Vaults:3 | Found Yrremn's Gadget Shoppe.
 30882 | Vaults:3 | Bought a wand of scattershot (4) for 552 gold pieces
 30882 | Vaults:3 | Bought a box of beasts for 460 gold pieces
 30882 | Vaults:3 | Bought a wand of paralysis (10) for 276 gold pieces
 31181 | Vaults:3 | Found Turopn's Food Shoppe.
 31201 | Vaults:3 | Found Sead Woil's General Store.
 31430 | Vaults:3 | Found Abocs's Weapon Shop.
 31954 | Vaults:3 | Bought 3 scrolls of enchant weapon for 292 gold pieces
 32704 | Vaults:4 | Noticed Xtahua
 32710 | Vaults:4 | Reached skill level 15 in Fighting
 32724 | Vaults:4 | Killed Xtahua
 32745 | Vaults:4 | Found a runed gate.
 32745 | Vaults:4 | Found a runed gate.
 32745 | Vaults:4 | Found a runed gate.
 32814 | Vaults:4 | Noticed Tetyhuy's ghost (veteran HuFi)
 32816 | Vaults:4 | Noticed Paulus's ghost (veteran FoFi)
 32817 | Vaults:4 | Noticed Duiged's ghost (adept HOMo)
 32900 | Vaults:5 | Entered Level 5 of the Vaults
 32943 | Vaults:5 | Reached XP level 21. HP: 200/201 MP: 16/16
 33178 | Vaults:5 | Noticed an ancient lich
 33194 | Vaults:5 | Killed an ancient lich
 33463 | Vaults:5 | Identified the cursed +0 shield "Qitroubb" {rPois Stlth+} (You took it off a deep elf sorcerer on level 5 of the Vaults)
 33661 | Vaults:5 | Reached XP level 22. HP: 171/212 MP: 17/17
 34263 | Vaults:5 | Got a silver rune of Zot
 34351 | Vaults:5 | Identified the cursed +0 broad axe "Niro" {freeze, rElec} (You took it off a yaktaur on level 5 of the Vaults)
 35021 | Elf:1    | Entered Level 1 of the Elven Halls
 35159 | Elf:1    | Found Addaoleune's Antique Weapon Shoppe.
 35161 | Elf:1    | Found Inuoh's Jewellery Emporium.
 35163 | Elf:1    | Found Komipy's Weapon Shoppe.
 35196 | Elf:1    | Bought the ring "Cafid" {+Fly rElec rC+ Str-5 Dex+4} for 473 gold pieces
 36049 | Elf:2    | Found a runed gate.
 36049 | Elf:2    | Found a runed gate.
 36049 | Elf:2    | Found a runed gate.
 36300 | Elf:3    | Entered Level 3 of the Elven Halls
 36679 | Elf:3    | Reached XP level 23. HP: 158/223 MP: 17/19
 36821 | Elf:3    | Got a bound copper ring
 36823 | Elf:3    | Identified the cursed ring "Batad" {+Blink MR+ Str-6 Int+2} (You took it off a deep elf sorcerer on level 3 of the Elven Halls)
 37042 | Elf:3    | Got a crude glass ring
 37043 | Elf:3    | Identified the cursed ring of the Illusory Emperors {rPois rC+ MR+ AC-2} (You found it on level 3 of the Elven Halls)
 37095 | Elf:3    | Found the +3 pair of gauntlets of War {Slay+5}
 38011 | Crypt:1  | Entered Level 1 of the Crypt
 38040 | Crypt:1  | Noticed Bai Suzhen
 38057 | Crypt:1  | Killed Bai Suzhen
 38579 | Vaults:3 | Bought the +8 lance "Wyrmbane" {slay drac, rPois rF+ rC+ AC+3} for 1535 gold pieces
 38579 | Vaults:3 | Found the +8 lance "Wyrmbane" {slay drac, rPois rF+ rC+ AC+3}
 39175 | Crypt:1  | Reached skill level 1 in Polearms
 39724 | Crypt:2  | Found a magical portal.
 39729 | WizLab   | Entered The Hall of the Hellbinder
 39992 | WizLab   | Found a burning altar of Makhleb.
 40015 | WizLab   | Got a flickering bronze amulet
 40016 | WizLab   | Identified the amulet "Zogocw" {Faith *Corrode rC++ Int+7} (You found it in a wizard's laboratory)
 40173 | Crypt:2  | Found a runed door.
 40175 | Crypt:2  | Noticed Yga Pusyxe's ghost (adept GrFi)
 40212 | Crypt:2  | Killed Yga Pusyxe's ghost
 40743 | Crypt:2  | Noticed a greater mummy
 40756 | Crypt:2  | Killed a greater mummy
 40756 | Crypt:2  | Reached XP level 24. HP: 220/236 MP: 18/18
 40768 | Crypt:2  | Noticed a greater mummy
 40783 | Crypt:2  | Killed a greater mummy
 40790 | Crypt:2  | Noticed a greater mummy
 40798 | Crypt:2  | Killed a greater mummy
 40798 | Crypt:2  | Reached skill level 5 in Polearms
 40801 | Crypt:2  | Found the +7 sceptre of Torment
 40810 | Crypt:2  | GEE WHAT A REWARD
 40875 | Crypt:3  | Entered Level 3 of the Crypt
 41128 | Crypt:3  | Found a basalt altar of Yredelemnul.
 41503 | Crypt:3  | Found a staircase to the Tomb.
 41860 | Crypt:3  | Got a steaming lead amulet
 41860 | Crypt:3  | Got a transparent amber ring
 41862 | Crypt:3  | Identified the amulet "Tegi" {+Inv Regen+ Str+2 Dex+2 Stlth-} (You found it on level 3 of the Crypt)
 41864 | Crypt:3  | Identified the ring "Tommocir" {rC+ rN+ Str+3 Slay-3 Stlth+} (You found it on level 3 of the Crypt)
 42404 | D:6      | Bought a potion of might for 60 gold pieces
 42404 | D:6      | Bought a scroll of holy word for 112 gold pieces
 42404 | D:6      | Bought 2 potions of heal wounds for 150 gold pieces
 42796 | D:2      | RRREVENGE
 42903 | D:2      | FUCK IT
 43231 | Depths:1 | Entered Level 1 of the Depths
 43564 | Depths:1 | Noticed Margery
 43581 | Depths:1 | Killed Margery
 43776 | Depths:1 | Found Oskum's Gadget Boutique.
 43776 | Depths:1 | Found Fufixuin's Jewellery Emporium.
 43777 | Depths:1 | Found Ucou's Jewellery Emporium.
 43784 | Depths:1 | Bought a wand of acid (8) for 312 gold pieces
 43784 | Depths:1 | Bought a wand of iceblast (7) for 143 gold pieces
 43784 | Depths:1 | Bought a wand of iceblast (8) for 156 gold pieces
 44005 | Depths:2 | Paralysed by a floating eye for 3 turns
 44307 | Depths:2 | Reached XP level 25. HP: 238/247 MP: 19/19
 44368 | Depths:2 | Found a deep blue altar of Sif Muna.
 44460 | Depths:2 | Got a smoking bronze ring
 44461 | Depths:2 | Identified the ring of the Original Sin {rPois rC- Str+6 Dex+4} (You found it on level 2 of the Depths)
 44526 | Depths:2 | Identified the Volume of the Frostbite and Contamination
 44776 | Depths:3 | Found a runed door.
 44790 | Depths:3 | Found a runed door.
 44845 | Depths:3 | Found a runed door.
 44845 | Depths:3 | Found a runed door.
 45300 | Depths:3 | Found a runed door.
 45300 | Depths:3 | Found a runed door.
 45397 | Depths:3 | Found a one-way gate leading to the halls of Pandemonium.
 45718 | Depths:3 | Identified the +2 shield of the Sunfish {+Fly rF+} (You found it on level 3 of the Depths)
 46093 | Depths:3 | Found a gateway to a ziggurat.
 46322 | Depths:3 | Got a translucent tin ring
 46323 | Depths:3 | Identified the ring "Baskulits" {Wiz rC+ MR+ Stlth+} (You found it on level 3 of the Depths)
 46573 | Depths:3 | Found the cursed +13 scythe of Curses {drain, *Curse}
 46932 | Depths:3 | Found a glowing golden altar of the Shining One.
 46933 | Depths:3 | Found a hazy altar of Hepliaklqana.
 46933 | Depths:3 | Found a white marble altar of Elyvilon.
 46933 | Depths:3 | Found a snail-covered altar of Cheibriados.
 46953 | Depths:3 | Noticed a juggernaut
 46977 | Depths:3 | Killed a juggernaut
 46977 | Depths:3 | Reached XP level 26. HP: 232/261 MP: 20/20
 47048 | Depths:3 | Identified Sif Muna's Disquisition on Intoxication
 47068 | Depths:3 | Identified the Grimoire of Shape Shifting and Feathers
 47671 | Depths:4 | Found Wimn's Antique Armour Shop.
 47681 | Depths:4 | Bought a runed helmet for 172 gold pieces
 47788 | Depths:4 | Found a portal to a secret trove of treasure.
 47928 | Depths:4 | Found a runed gate.
 47929 | Depths:4 | Found a runed gate.
 47930 | Depths:4 | Found a runed gate.
 47932 | Depths:4 | Noticed Ripsaw's ghost (veteran GrMo)
 47932 | Depths:4 | Noticed an ancient lich
 47952 | Depths:4 | Killed an ancient lich
 47968 | Depths:4 | Killed Ripsaw's ghost
 47968 | Depths:4 | Reached skill level 27 in Evocations
 48602 | Depths:4 | Found a one-way gate to the infinite horrors of the Abyss.
 48640 | Depths:5 | Entered Level 5 of the Depths
 48985 | Depths:5 | Found a gate to the Realm of Zot.
 49043 | Depths:5 | Found a hazy altar of Hepliaklqana.
 49045 | Depths:5 | Found a hide-covered altar of Uskayaw.
 49045 | Depths:5 | Found a shadowy altar of Dithmenos.
 49306 | Depths:5 | Reached XP level 27. HP: 279/279 MP: 20/20
 49554 | Depths:5 | Noticed a juggernaut
 49576 | Depths:5 | Killed a juggernaut
 49775 | Depths:5 | Noticed a juggernaut
 49804 | Depths:5 | Killed a juggernaut
 50168 | Zot:1    | Entered Level 1 of the Realm of Zot
 53098 | Zot:3    | Gained mutation: You are covered in fur. (AC +1) [potion of mutation]
 53098 | Zot:3    | Gained mutation: You have a pair of small horns on your head. [potion of mutation]
 53098 | Zot:3    | Gained mutation: You are partially covered in slimy green scales. (AC +2) [potion of mutation]
 53099 | Zot:3    | Lost mutation: You have a pair of small horns on your head. [potion of mutation]
 53099 | Zot:3    | Lost mutation: You are partially covered in slimy green scales. (AC +2) [potion of mutation]
 53099 | Zot:3    | Lost mutation: You are covered in fur. (AC +1) [potion of mutation]
 53099 | Zot:3    | Gained mutation: You are frail. (-10% HP) [potion of mutation]
 53099 | Zot:3    | Gained mutation: Your system is resistant to poisons. (rPois) [potion of mutation]
 53100 | Zot:3    | Lost mutation: Your system is resistant to poisons. (rPois) [potion of mutation]
 53100 | Zot:3    | Lost mutation: You are frail. (-10% HP) [potion of mutation]
 53100 | Zot:3    | Gained mutation: Your system is resistant to poisons. (rPois) [potion of mutation]
 53100 | Zot:3    | Gained mutation: Your spells are a little harder to cast, but a little more powerful. [potion of mutation]
 53100 | Zot:3    | Gained mutation: You are resistant to hostile enchantments. (MR+) [potion of mutation]
 53180 | Zot:4    | Noticed an orb of fire
 53194 | Zot:4    | Gained mutation: You expend magic power (3 MP) to strengthen your wands. [an orb of fire]
 53199 | Zot:4    | Killed an orb of fire
 53909 | Zot:5    | Entered Level 5 of the Realm of Zot
 54283 | Zot:5    | Noticed an orb of fire
 54294 | Zot:5    | Gained mutation: You are frail. (-10% HP) [an orb of fire]
 54296 | Zot:5    | Killed an orb of fire
 54320 | Zot:5    | Noticed an ancient lich
 54336 | Zot:5    | Killed an ancient lich
 54347 | Zot:5    | Reached skill level 27 in Fighting
 54380 | Zot:5    | Noticed an orb of fire
 54386 | Zot:5    | Gained mutation: Armour fits poorly on your strangely shaped body. [an orb of fire]
 54390 | Zot:5    | Killed an orb of fire
 54392 | Zot:5    | Noticed an ancient lich
 54407 | Zot:5    | Killed an ancient lich
 54409 | Zot:5    | Noticed an ancient lich
 54433 | Zot:5    | Noticed an orb of fire
 54436 | Zot:5    | Killed an ancient lich
 54436 | Zot:5    | Gained mutation: Potions are less effective at restoring your health. [an orb of fire]
 54445 | Zot:5    | Lost mutation: Your spells are a little harder to cast, but a little more powerful. [an orb of fire]
 54446 | Zot:5    | Killed an orb of fire
 54452 | Zot:5    | Noticed an orb of fire
 54453 | Zot:5    | Noticed an orb of fire
 54453 | Zot:5    | Noticed an ancient lich
 54479 | Zot:5    | Noticed an orb of fire
 54490 | Zot:5    | Killed an ancient lich
 54490 | Zot:5    | Gained mutation: Your magical capacity is low. (-10% MP) [an orb of fire]
 54493 | Zot:5    | Gained mutation: Your magical capacity is very low. (-20% MP) [an orb of fire]
 54495 | Zot:5    | Killed an orb of fire
 54503 | Zot:5    | Killed an orb of fire
 54513 | Zot:5    | Killed an orb of fire
 54513 | Zot:5    | Reached skill level 15 in Dodging
 54575 | Zot:5    | Noticed an orb of fire
 54577 | Zot:5    | Noticed an orb of fire
 54580 | Zot:5    | Noticed an orb of fire
 54584 | Zot:5    | Killed an orb of fire
 54593 | Zot:5    | Killed an orb of fire
 54597 | Zot:5    | Killed an orb of fire
 54602 | Zot:5    | Lost mutation: You are frail. (-10% HP) [potion of mutation]
 54602 | Zot:5    | Lost mutation: You are resistant to hostile enchantments. (MR+) [potion of mutation]
 54602 | Zot:5    | Lost mutation: Armour fits poorly on your strangely shaped body. [potion of mutation]
 54602 | Zot:5    | Gained mutation: Your mind is acute. (Int +2) [potion of mutation]
 54602 | Zot:5    | Gained mutation: Your flesh is heat resistant. (rF+) [potion of mutation]
 54604 | Zot:5    | Got the Orb of Zot
 54679 | Zot:5    | Noticed Qooh the pandemonium lord
 54841 | Depths:2 | Noticed Nuod the pandemonium lord
 55316 | D:1      | Noticed Qeygy the pandemonium lord
 55324 | D:1      | Killed Qeygy the pandemonium lord
 55354 | D:$      | Escaped with the Orb!

Vault maps used:
D:1:      matt_arrival_refuge, st_stairs_6
D:2:      okawaru_altar_gauntlet_db, uniq_sigmund
D:3:      kb_forest_paths, nicolae_overflow_hidden_temple, first_ration,
          uniq_natasha
D:4:      minmay_temple_entry_nine_rooms, nicolae_tso_besieged_by_evil
D:5:      bloody_trog, gup_sewer_entry_pipe, serial_shops,
          nicolae_shop_behind_doors, uniq_eustachio, uniq_ijyb,
          uniq_crazy_yiuf_cottage
D:6:      cheibrodos_fertilizer, serial_shops, nicolae_shop_waterfront
D:7:      yredelemnul_altar_generic, nemelex_xobeh_ov_fountains_minmay,
          nicolae_overflow_crystal_walls, serial_shops, kennysheep_mini_moat,
          nicolae_dithmenos_the_darkroom
D:8:      gammafunk_ghost_split
D:9:      marbit_many_paths, david_orc_4, uniq_pikel
D:10:     hangedman_ranch
D:11:     grunt_lair_entry_orc_guard_hut, portal_ice_cave_entry_pillars_1,
          basic_altar
D:12:     kennysheep_generic_room_5, uniq_nessos, uniq_sonja, uniq_kirke
D:13:     uniq_azrael
D:14:     david_vaults_2, nicolae_gozag_cash_rules_everything_around_me
D:15:     grunt_enter_depths_magical_seal, minmay_misc_feat_encased,
          serial_shops, shop, gammafunk_ghost_grave
Temple:   regret_index_temple_waves
Lair:1:   ebering_ghost_rock_garden, lightli_volcano_entry_magma_tube
Lair:2:   swamp_mist_pool, serial_bayou_shore_a, grunt_megastairs_3,
          lemuel_fruit_fields
Lair:3:   nicolae_spider_entry_orb_guardian, gammafunk_ghost_hydra_chop,
          lemuel_fruit_fields, uniq_snorg
Lair:4:   lemuel_fruit_fields, lemuel_fruit_fields
Lair:5:   nicolae_slime_entry_slimehenge, minmay_lair_oklob_chamber, uniq_rupert
Lair:6:   evil_forest
Swamp:1:  evilmike_swamp_ruin_rubble_2
Swamp:2:  evilmike_swamp_ruin_house_3, swamp_pool4,
          nicolae_swamp_oklob_treasure_island
Swamp:3:  cheibrodos_swamp_heart_of_darkness, hangedman_swamp_pad, swamp_pool1,
          uniq_mara, uniq_roxanne
Swamp:4:  swamp, uniq_aizul
Spider:1: nicolae_spider_webbed_stairs
Spider:3: uniq_arachne, uniq_agnes, uniq_donald
Spider:4: spider_rune_water
Orc:2:    pubby_orc_utopia
Elf:1:    eino_elf_arrival_customs, orc_legates, serial_sigils_hangedman_gut,
          minmay_misc_feat_columns, lemuel_flamethrower_3, minmay_shop_star
Elf:3:    minmay_elf_hall_quartered_circle, serial_glass, glass_columns_b,
          glass_columns_c, glass_columns_c, glass_columns_b, glass_columns_a,
          due_unseen_surprise, minmay_strange_pillars, uniq_saint_roka
Vaults:1: ontoclasm_vaults_ring_large, v_misc_1, v_pattern_1, v_rooms_5,
          vaults_standard_mumra_enter_the_diamond, hangedman_vaults_cutoff,
          vaults_room_semicircle, vaults_standard_mumra_x,
          vaults_dpeg_encased_lava, nicolae_vaults_little_squares_6,
          serial_shops, shop
Vaults:2: v_misc_25, minmay_crypt_entry_simple_corners, v_misc_30,
          v_alt_pattern_6, v_rooms_4, vaults_room_fours,
          nicolae_vaults_rhombus_6, v_misc_30
Vaults:3: hangedman_vaults_nails, ontoclasm_vaults_shuriken,
          nicolae_vaults_angled_halls, v_misc_1, ontoclasm_vaults_ligature,
          ontoclasm_vaults_claustrophobia, hangedman_vaults_trim, v_pattern_2,
          vaults_room_door_ring, v_misc_12, hangedman_vaults_nodes,
          serial_shops, nicolae_shop_behind_doors, shop, shop, shop_fountains,
          shop
Vaults:4: gammafunk_vaults_ghost_cemetery, nicolae_vaults_ninety_degrees,
          vaults_mumra_hex, vaults_room_fours, ontoclasm_vaults_gateway,
          stair_cage_open, dpeg_vaults_monster_box, uniq_xtahua
Crypt:1:  st_vampire_maze, uniq_bai_suzhen
Crypt:2:  minmay_guarded_unrand_sceptre_of_torment, ebering_ghost_inner_flame,
          infiniplex_enter_wizlab_spiral
Crypt:3:  grunt_crypt_end_deaths_head
Depths:1: grunt_metal_band, minmay_three_doors, grunt_megastairs_5,
          minmay_shop_grove
Depths:2: evilmike_library_of_no_secrets, pf_hell_entry_tar_spiral,
          minmay_misc_feat_nine_boxes, item_on_display_b
Depths:3: minmay_the_grid_ultimate, pan_entry, hell_entry
Depths:4: minmay_tri_box, abyss_entry_small_statue_room, pf_coc_iceberg,
          skrybe_limestone_x, serial_shops, shop, gammafunk_ghost_necromancy,
          trove_entry_hex_spiral, minmay_staircase_statues
Depths:5: hangedman_slaughterboxes, serial_shops, hell_entry, abyss_entry
Zot:1:    lemuel_draconian_sentries
Zot:4:    hangedman_elemental_grid_stream
Abyss:3:  hangedman_shadowy_showcase
Sewer:    sewer_co_cracked_pipes
IceCv:    ice_cave_small_demon
Volcano:  volcano_grotto
WizLab:   wizlab_demon

Skill      XL: |  1  2  3  4  5  6  7  8  9 10 11 12 13 14 15 16 17 18 19 20 21 22 23 24 25 26 27 |
---------------+----------------------------------------------------------------------------------+-----
Dodging        | 1 2 3 4 5 7 8 9 10 18 | 18.1
Fighting       | 3 4 5 6 7 8 9 10 11 12 13 14 15 16 17 18 20 22 27 | 27.0
Axes           | 3 4 5 6 7 8 9 11 12 13 14 15 16 17 18 | 18.0
Armour         | 4 5 6 7 8 9 10 11 12 13 14 15 16 17 18 19 20 21 22 | 22.0
Shields        | 4 5 6 7 8 9 10 11 12 13 14 15 16 17 18 19 20 | 20.0
Invocations    | 1 3 4 6 7 8 |  8.0
Evocations     | 1 3 4 6 7 9 10 12 13 14 15 16 17 18 19 20 22 23 24 26 27 | 27.0
Polearms       | 4 7 |  7.0

Action                   |  1- 3 |  4- 6 |  7- 9 | 10-12 | 13-15 | 16-18 | 19-21 | 22-24 | 25-27 || total
-------------------------+-------+-------+-------+-------+-------+-------+-------+-------+-------++-------
Melee: War axe           |    80 |   200 |   554 |       |       |       |       |       |       ||   834
       Trident           |       |       |    73 |   302 |       |       |       |       |       ||   375
       Long sword        |       |       |       |   226 |       |       |       |       |       ||   226
       Demon trident     |       |       |       |   305 |       |       |       |       |       ||   305
       Broad axe         |       |       |       |    77 |  1534 |  1074 |  1457 |  1381 |   166 ||  5689
       Short sword       |       |       |       |    70 |       |       |       |       |       ||    70
       Quick blade       |       |       |       |    31 |       |       |       |       |       ||    31
       Falchion          |       |       |       |     6 |    47 |   108 |       |       |       ||   161
       Lance             |       |       |       |       |       |       |       |   478 |  2583 ||  3061
Invok: Minor Destruction |       |       |     2 |       |       |       |       |       |       ||     2
       Lesser Servant of |       |       |       |    12 |    21 |     7 |       |     4 |       ||    44
 Abil: Heal Wounds       |       |     4 |    15 |    38 |    17 |     8 |    10 |    19 |     7 ||   118
Evoke: Wand              |       |       |    21 |    40 |     9 |    34 |     6 |     8 |    33 ||   151
       Lightning rod     |       |       |       |       |       |       |     4 |     4 |       ||     8
       Lamp of fire      |       |       |       |       |       |       |       |     5 |     1 ||     6
  Use: Potion            |       |     2 |       |     2 |     2 |     6 |       |     1 |    25 ||    38
       Scroll            |       |       |     8 |    11 |    10 |     9 |     6 |    13 |    25 ||    82
 Stab: Paralysed         |       |       |       |    69 |    14 |       |       |       |       ||    83
       Distracted        |       |       |       |       |     3 |     1 |     1 |     5 |       ||    10
       Confused          |       |       |       |       |     1 |     3 |       |       |       ||     4
       Held in net/web   |       |       |       |       |       |     2 |       |       |       ||     2
  Eat: Chunk             |       |     3 |    15 |    22 |    29 |    22 |    16 |    10 |    23 ||   140
       Ration            |       |     1 |     2 |     1 |     2 |       |     2 |     8 |     6 ||    22
Armor: Scale mail        |    16 |       |       |       |       |       |       |       |       ||    16
       Chain mail        |    28 |    96 |   237 |   114 |    91 |       |       |       |       ||   566
       Plate armour      |       |       |   293 |   330 |   566 |  1140 |   450 |   637 |   286 ||  3702
       Skin              |       |       |       |       |       |       |       |    42 |    67 ||   109
       Gold dragon scale |       |       |       |       |       |       |       |       |   441 ||   441
Dodge: Dodged            |    17 |    81 |   253 |   293 |   589 |   704 |   262 |   343 |   372 ||  2914
Block: Shield            |    41 |    95 |   474 |   689 |  1242 |  1191 |       |       |       ||  3732
       Reflection        |       |       |       |     4 |    29 |     8 |    86 |    72 |    44 ||   243
       Large shield      |       |       |       |       |       |    76 |  1294 |  1562 |  1726 ||  4658
       Rpst.: Long sword |       |       |       |    18 |       |       |       |       |       ||    18
       Falchion          |       |       |       |     1 |     6 |    14 |       |       |       ||    21

Table legend:
 A = Spawn XP
 B = Non-spawn XP
 C = Spawn XP percentage of total XP
 D = Spawn monster count
 E = Non-spawn monster count
 F = Spawn count percentage of total count
 G = Total turns spent on level
                    A         B        C        D         E        F      G
               +---------+---------+-------+---------+---------+-------+---------
         Total |    8051 | 1921484 |   0.4 |      12 |    2672 |   0.4 | 55354
               +---------+---------+-------+---------+---------+-------+---------
           D:1 |       0 |      33 |   0.0 |       0 |      19 |   0.0 |   973
           D:2 |       0 |     131 |   0.0 |       0 |      22 |   0.0 |  1008
           D:3 |       0 |     221 |   0.0 |       0 |      30 |   0.0 |   635
           D:4 |       0 |     430 |   0.0 |       0 |      31 |   0.0 |  1474
           D:5 |       0 |     651 |   0.0 |       0 |      22 |   0.0 |   843
           D:6 |       0 |    1157 |   0.0 |       0 |      27 |   0.0 |  1328
           D:7 |       0 |    1581 |   0.0 |       0 |      28 |   0.0 |   774
           D:8 |       0 |    1468 |   0.0 |       0 |      32 |   0.0 |   661
           D:9 |       0 |    3897 |   0.0 |       0 |      50 |   0.0 |  1261
          D:10 |       0 |    3644 |   0.0 |       0 |      28 |   0.0 |   851
          D:11 |       0 |    3545 |   0.0 |       0 |      23 |   0.0 |  1419
          D:12 |       0 |    9338 |   0.0 |       0 |      48 |   0.0 |  1124
          D:13 |       0 |    5383 |   0.0 |       0 |      34 |   0.0 |   667
          D:14 |       0 |    6923 |   0.0 |       0 |      26 |   0.0 |  1164
          D:15 |       0 |   14662 |   0.0 |       0 |      33 |   0.0 |   933
        Lair:1 |       0 |    3945 |   0.0 |       0 |      20 |   0.0 |   895
        Lair:2 |       0 |    2203 |   0.0 |       0 |      14 |   0.0 |   704
        Lair:3 |       0 |    9991 |   0.0 |       0 |      28 |   0.0 |  1398
        Lair:4 |       0 |    6946 |   0.0 |       0 |      29 |   0.0 |   542
        Lair:5 |       0 |    8541 |   0.0 |       0 |      33 |   0.0 |   881
        Lair:6 |       0 |   27073 |   0.0 |       0 |      83 |   0.0 |  1199
       Swamp:1 |       0 |    9186 |   0.0 |       0 |      24 |   0.0 |   607
       Swamp:2 |       0 |   10661 |   0.0 |       0 |      20 |   0.0 |   611
       Swamp:3 |       0 |   18036 |   0.0 |       0 |      36 |   0.0 |   878
       Swamp:4 |       0 |   31936 |   0.0 |       0 |      63 |   0.0 |   888
      Spider:1 |       0 |   23964 |   0.0 |       0 |      60 |   0.0 |   729
      Spider:2 |       0 |   19287 |   0.0 |       0 |      64 |   0.0 |   659
      Spider:3 |       0 |   10725 |   0.0 |       0 |      20 |   0.0 |   695
      Spider:4 |       0 |   25928 |   0.0 |       0 |      59 |   0.0 |   712
         Orc:1 |       0 |    4299 |   0.0 |       0 |      38 |   0.0 |   669
         Orc:2 |       0 |   21314 |   0.0 |       0 |     146 |   0.0 |  1680
         Elf:1 |       0 |   40550 |   0.0 |       0 |      70 |   0.0 |   944
         Elf:2 |       0 |    6548 |   0.0 |       0 |      13 |   0.0 |   432
         Elf:3 |       0 |   71994 |   0.0 |       0 |      71 |   0.0 |  1316
      Vaults:1 |       0 |   61610 |   0.0 |       0 |     100 |   0.0 |  1280
      Vaults:2 |       0 |   33786 |   0.0 |       0 |      50 |   0.0 |  1344
      Vaults:3 |       0 |   49042 |   0.0 |       0 |      84 |   0.0 |  1307
      Vaults:4 |       0 |   45330 |   0.0 |       0 |      69 |   0.0 |  1223
      Vaults:5 |       0 |  185989 |   0.0 |       0 |     154 |   0.0 |  1756
       Crypt:1 |       0 |   45915 |   0.0 |       0 |      63 |   0.0 |  1429
       Crypt:2 |       0 |   52030 |   0.0 |       0 |      40 |   0.0 |   936
       Crypt:3 |       0 |   79591 |   0.0 |       0 |     129 |   0.0 |  1134
      Depths:1 |       0 |   25907 |   0.0 |       0 |      22 |   0.0 |   628
      Depths:2 |       0 |   58701 |   0.0 |       0 |      64 |   0.0 |   843
      Depths:3 |       0 |  191415 |   0.0 |       0 |     129 |   0.0 |  2919
      Depths:4 |       0 |   67656 |   0.0 |       0 |      53 |   0.0 |  1080
      Depths:5 |       0 |  157398 |   0.0 |       0 |      95 |   0.0 |  1577
         Zot:1 |       0 |   64251 |   0.0 |       0 |      33 |   0.0 |   932
         Zot:2 |       0 |   34357 |   0.0 |       0 |      17 |   0.0 |  1138
         Zot:3 |       0 |   52183 |   0.0 |       0 |      31 |   0.0 |   952
         Zot:4 |       0 |   47188 |   0.0 |       0 |      25 |   0.0 |   811
         Zot:5 |       0 |  215727 |   0.0 |       0 |      56 |   0.0 |   770
       Abyss:3 |    8051 |   10887 |  42.5 |      12 |      18 |  40.0 |   279
         Sewer |       0 |      59 |   0.0 |       0 |      22 |   0.0 |   263
         IceCv |       0 |    2272 |   0.0 |       0 |      20 |   0.0 |   372
       Volcano |       0 |    5778 |   0.0 |       0 |      18 |   0.0 |   340
        WizLab |       0 |   28221 |   0.0 |       0 |      36 |   0.0 |   390
               +---------+---------+-------+---------+---------+-------+---------
